TOP OF THE 1ST |
San Francisco Giants batting - Pitching for San Diego Padres : RHP Toby Williams
|
Pitching: RHP Toby Williams
|
|
Batting: LHB John Blair
|
0-0: Foul Ball, location: 2F 0-1: Foul Ball, location: 2F 0-2: Ball 1-2: Ball 2-2: Ground out 5-3 (Groundball, 5, EV 93.1 MPH)
|
Batting: RHB Nate Hodson
|
0-0: Ball 1-0: Foul Ball, location: 2F 1-1: Swinging Strike 1-2: Foul Ball, location: 2F 1-2: Ball 2-2: Ball 3-2: Foul Ball, location: 2F 3-2: Strikes out swinging
|
Batting: LHB Jack Henningar
|
0-0: Ground out 6-3 (Groundball, P, EV 85.6 MPH)
|
Top of the 1st over - 0 runs, 0 hits, 0 errors, 0 left on base; San Francisco 0 - San Diego 0 |
BOTTOM OF THE 1ST |
San Diego Padres batting - Pitching for San Francisco Giants : RHP Curt Howland
|
Pitching: RHP Curt Howland
|
|
Batting: LHB Ryan Flynn Jr.
|
0-0: Ball 1-0: Fly out, F7 (Flyball, 7S, EV 81.9 MPH)
|
Batting: RHB Alois Wollf
|
0-0: Ball 1-0: Called Strike 1-1: Foul Ball, location: 2F 1-2: SINGLE (Line Drive, 6D, EV 102.5 MPH)
|
Batting: RHB Bobby Ayala
|
0-0: Ball 1-0: Foul Ball, location: 2F 1-1: Foul Ball, location: 2F 1-2: Foul Ball, location: 2F 1-2: 2-RUN HOME RUN (Flyball, 9D, EV 95.6 MPH), Distance : 380 ft
|
Batting: LHB Mike Holt
|
0-0: Swinging Strike 0-1: Called Strike 0-2: Ball 1-2: Strikes out swinging
|
Batting: LHB Conrad Taylor
|
0-0: Ground out 4-3 (Groundball, 4, EV 86.2 MPH)
|
Bottom of the 1st over - 2 runs, 2 hits, 0 errors, 0 left on base; San Francisco 0 - San Diego 2 |
TOP OF THE 2ND |
San Francisco Giants batting - Pitching for San Diego Padres : RHP Toby Williams
|
Batting: LHB Willis Robles
|
0-0: SINGLE (Flyball, 9S, EV 94.4 MPH)
|
Batting: RHB Henri Cederberg
|
0-0: Called Strike 0-1: Fly out, F7 (Flyball, 7D, EV 95.0 MPH)
|
Batting: SHB Bill Dooms
|
0-0: Called Strike 0-1: Ball 1-1: Swinging Strike 1-2: Strikes out swinging
|
Batting: RHB Bobby Scholl
|
0-0: Ball 1-0: Foul Ball, location: 2F 1-1: Called Strike 1-2: Ball 2-2: Fielders Choice at 2nd, 5-4 (Groundball, 56, EV 101.2 MPH)
|
Top of the 2nd over - 0 runs, 1 hit, 0 errors, 1 left on base; San Francisco 0 - San Diego 2 |
BOTTOM OF THE 2ND |
San Diego Padres batting - Pitching for San Francisco Giants : RHP Curt Howland
|
Batting: RHB Kevin Howard
|
0-0: Ball 1-0: Foul Ball, location: 2F 1-1: SINGLE (Groundball, 6MD, EV 98.1 MPH)
|
Batting: RHB Alberto Cotto
|
0-0: Called Strike 0-1: Ball 1-1: Foul Ball, location: 2F 1-2: Strikes out looking
|
Batting: LHB Chris Moody
|
0-0: Fly out, F9 (Line Drive, 9, EV 105.0 MPH)
|
Batting: RHB Rodolfo Rivera
|
0-0: Called Strike 0-1: Ball 1-1: Ball 2-1: Swinging Strike 2-2: Ball 3-2: Foul Ball, location: 2F 3-2: Fly out, F4 (Line Drive, 4, EV 70.0 MPH)
|
Bottom of the 2nd over - 0 runs, 1 hit, 0 errors, 1 left on base; San Francisco 0 - San Diego 2 |
TOP OF THE 3RD |
San Francisco Giants batting - Pitching for San Diego Padres : RHP Toby Williams
|
Batting: RHB Tyler Mapes
|
0-0: Called Strike 0-1: Foul Ball, location: 2F 0-2: Foul Ball, location: 2F 0-2: Foul Ball, location: 2F 0-2: Foul Ball, location: 2F 0-2: Ball 1-2: Foul Ball, location: 2F 1-2: Ball 2-2: Ball 3-2: Strikes out swinging
|
Batting: RHB Martin Guerrero
|
0-0: Ball 1-0: Ball 2-0: Ball 3-0: Called Strike 3-1: Swinging Strike 3-2: Foul Ball, location: 2F 3-2: Foul Ball, location: 2F 3-2: Ground out 4-3 (Groundball, 4MD, EV 82.5 MPH)
|
Batting: LHB John Blair
|
0-0: Called Strike 0-1: Ball 1-1: Called Strike 1-2: Ground out 4-3 (Groundball, 4, EV 84.4 MPH)
|
Top of the 3rd over - 0 runs, 0 hits, 0 errors, 0 left on base; San Francisco 0 - San Diego 2 |
BOTTOM OF THE 3RD |
San Diego Padres batting - Pitching for San Francisco Giants : RHP Curt Howland
|
Batting: LHB Ryan Flynn Jr.
|
0-0: SINGLE (Groundball, 4S, EV 70.0 MPH) (infield hit)
|
Batting: RHB Alois Wollf
|
0-0: Foul Ball, location: 2F 0-1: Swinging Strike 0-2: Ball 1-2: Foul Ball, location: 2F 1-2: Ball 2-2: Strikes out swinging
|
Batting: RHB Bobby Ayala
|
0-0: Ball Ryan Flynn Jr. steals 2nd base (no throw) 1-0: Ball 2-0: Ball 3-0: Base on Balls
|
Batting: LHB Mike Holt
|
0-0: Called Strike 0-1: Ball 1-1: Swinging Strike 1-2: Strikes out swinging
|
Batting: LHB Conrad Taylor
|
0-0: Swinging Strike 0-1: Swinging Strike 0-2: Ball 1-2: Strikes out swinging
|
Bottom of the 3rd over - 0 runs, 1 hit, 0 errors, 2 left on base; San Francisco 0 - San Diego 2 |
TOP OF THE 4TH |
San Francisco Giants batting - Pitching for San Diego Padres : RHP Toby Williams
|
Batting: RHB Nate Hodson
|
0-0: Fly out, F8 (Flyball, 8LD, EV 107.5 MPH)
|
Batting: LHB Jack Henningar
|
0-0: Ball 1-0: SINGLE (Line Drive, 6M, EV 96.2 MPH)
|
Batting: LHB Willis Robles
|
0-0: Grounds into double play, 4-6-3 (Groundball, 34, EV 108.8 MPH)
|
Top of the 4th over - 0 runs, 1 hit, 0 errors, 0 left on base; San Francisco 0 - San Diego 2 |
BOTTOM OF THE 4TH |
San Diego Padres batting - Pitching for San Francisco Giants : RHP Curt Howland
|
Batting: RHB Kevin Howard
|
0-0: Called Strike 0-1: Foul Ball, location: 2F 0-2: Ball 1-2: Ball 2-2: Ground out 6-3 (Groundball, 6, EV 85.6 MPH)
|
Batting: RHB Alberto Cotto
|
0-0: Foul Ball, location: 2F 0-1: Called Strike 0-2: Ball 1-2: Ball 2-2: Foul Ball, location: 2F 2-2: Foul Ball, location: 2F 2-2: Ground out 6-3 (Groundball, 6MS, EV 95.0 MPH)
|
Batting: LHB Chris Moody
|
0-0: Swinging Strike 0-1: Swinging Strike 0-2: Ball 1-2: Ball 2-2: Strikes out looking
|
Bottom of the 4th over - 0 runs, 0 hits, 0 errors, 0 left on base; San Francisco 0 - San Diego 2 |
TOP OF THE 5TH |
San Francisco Giants batting - Pitching for San Diego Padres : RHP Toby Williams
|
Pitching: RHP Bobby Mauk
|
|
Batting: RHB Henri Cederberg
|
0-0: Ball 1-0: Foul Ball, location: 2F 1-1: Ball 2-1: SINGLE (Groundball, 56D, EV 100.0 MPH)
|
Batting: SHB Bill Dooms
|
Pickoff Throw to First - Error! E1 Henri Cederberg to second 0-0: Ball 1-0: Ball 2-0: Fly out, F6 (Popup, 4MD, EV 56.2 MPH)
|
Batting: RHB Bobby Scholl
|
0-0: Fly out, F8 (Flyball, 89XD, EV 91.2 MPH) Runner from 2nd tags up, SAFE at 3rd, no throw by CF
|
Pinch Hitting: RHB Sean Zielinski
|
0-0: Called Strike 0-1: DOUBLE (Line Drive, 7LM, EV 99.4 MPH) Henri Cederberg scores
|
Pinch Hitting: RHB Nick Rigden
|
0-0: Called Strike 0-1: Ball 1-1: Foul Ball, location: 2F 1-2: Strikes out swinging
|
Top of the 5th over - 1 run, 2 hits, 1 error, 1 left on base; San Francisco 1 - San Diego 2 |
BOTTOM OF THE 5TH |
San Diego Padres batting - Pitching for San Francisco Giants : RHP Curt Howland
|
Pitching: RHP Evan Boy
|
|
Now at 3B: Sean Zielinski
|
|
Now in CF: Nick Rigden
|
|
Batting: RHB Rodolfo Rivera
|
0-0: Ball 1-0: Foul Ball, location: 2F 1-1: Hit by Pitch
|
Batting: LHB Ryan Flynn Jr.
|
0-0: Called Strike 0-1: Ball 1-1: Ball 2-1: Fly out, F8 (Line Drive, 8LM, EV 103.1 MPH)
|
Batting: RHB Alois Wollf
|
0-0: Ball 1-0: Ball 2-0: Ball 3-0: Called Strike 3-1: Foul Ball, location: 2F 3-2: Strikes out swinging
|
Batting: RHB Bobby Ayala
|
0-0: Called Strike 0-1: Ball 1-1: Swinging Strike 1-2: Fly out, F8 (Line Drive, 8RD, EV 90.6 MPH)
|
Bottom of the 5th over - 0 runs, 0 hits, 0 errors, 1 left on base; San Francisco 1 - San Diego 2 |
TOP OF THE 6TH |
San Francisco Giants batting - Pitching for San Diego Padres : RHP Bobby Mauk
|
Batting: LHB John Blair
|
0-0: SINGLE (Groundball, 34D, EV 108.8 MPH) (infield hit)
|
Batting: RHB Nate Hodson
|
0-0: Ball 1-0: Ball 2-0: Foul Ball, location: 2F 2-1: Swinging Strike 2-2: Strikes out looking
|
Batting: LHB Jack Henningar
|
0-0: Ball 1-0: Called Strike John Blair steals 2nd base 1-1: SINGLE (Line Drive, 34, EV 106.9 MPH) John Blair to third
|
Batting: LHB Willis Robles
|
0-0: Ball 1-0: Foul Ball, location: 2F 1-1: Foul Ball, location: 2F 1-2: Ball 2-2: Ground out 4-3 (Groundball, 4S, EV 89.4 MPH) John Blair scores Jack Henningar to second
|
Batting: RHB Henri Cederberg
|
0-0: Swinging Strike 0-1: Ball Balk! Jack Henningar to third 1-1: Foul Ball, location: 2F 1-2: Ball 2-2: Ball 3-2: Ground out 1-3 (Groundball, 15S, EV 68.8 MPH)
|
Top of the 6th over - 1 run, 2 hits, 0 errors, 1 left on base; San Francisco 2 - San Diego 2 |
BOTTOM OF THE 6TH |
San Diego Padres batting - Pitching for San Francisco Giants : RHP Evan Boy
|
Batting: LHB Mike Holt
|
0-0: Ball 1-0: Ball 2-0: SOLO HOME RUN (Flyball, 7D, EV 102.5 MPH), Distance : 398 ft
|
Batting: LHB Conrad Taylor
|
0-0: Fly out, F9 (Flyball, 9LM, EV 91.9 MPH)
|
Batting: RHB Kevin Howard
|
0-0: Foul Ball, location: 2F 0-1: Foul Ball, location: 2F 0-2: Ground out 6-3 (Groundball, 6, EV 79.4 MPH)
|
Batting: RHB Alberto Cotto
|
0-0: Ball 1-0: Called Strike 1-1: Ground out 5-3 (Groundball, 5, EV 101.9 MPH)
|
Bottom of the 6th over - 1 run, 1 hit, 0 errors, 0 left on base; San Francisco 2 - San Diego 3 |
TOP OF THE 7TH |
San Francisco Giants batting - Pitching for San Diego Padres : RHP Bobby Mauk
|
Pitching: RHP Eddie Starks
|
|
Batting: SHB Bill Dooms
|
0-0: Swinging Strike 0-1: Ball 1-1: Ball 2-1: Swinging Strike 2-2: Ball 3-2: Foul Ball, location: 2F 3-2: SOLO HOME RUN (Flyball, 78XD, EV 111.9 MPH), Distance : 448 ft
|
Batting: RHB Bobby Scholl
|
0-0: Called Strike 0-1: Swinging Strike 0-2: Foul Ball, location: 2F 0-2: SOLO HOME RUN (Flyball, 9D, EV 98.1 MPH), Distance : 371 ft
|
Batting: RHB Sean Zielinski
|
0-0: Ball 1-0: Ball 2-0: Fly out, F4 (Popup, 4M, EV 69.4 MPH)
|
Batting: RHB Nick Rigden
|
0-0: Ground out 5-3 (Groundball, 56S, EV 61.2 MPH)
|
Pinch Hitting: LHB Ryan Braden
|
0-0: Swinging Strike 0-1: Ball 1-1: Ball 2-1: Swinging Strike 2-2: Strikes out looking
|
Top of the 7th over - 2 runs, 2 hits, 0 errors, 0 left on base; San Francisco 4 - San Diego 3 |
BOTTOM OF THE 7TH |
San Diego Padres batting - Pitching for San Francisco Giants : RHP Evan Boy
|
Pitching: RHP Borisz Barciniak
|
|
Now in RF: Ryan Braden
|
|
Batting: LHB Chris Moody
|
0-0: Ball 1-0: Ball 2-0: Ball 3-0: Called Strike 3-1: Called Strike 3-2: Strikes out swinging
|
Batting: RHB Rodolfo Rivera
|
0-0: Called Strike 0-1: Ground out 6-3 (Groundball, 56S, EV 88.8 MPH)
|
Pinch Hitting: LHB Per Meulengracht
|
0-0: Foul Ball, location: 2F 0-1: Foul Ball, location: 2F 0-2: Ball 1-2: Ground out 4-3 (Groundball, 4, EV 109.4 MPH)
|
Bottom of the 7th over - 0 runs, 0 hits, 0 errors, 0 left on base; San Francisco 4 - San Diego 3 |
TOP OF THE 8TH |
San Francisco Giants batting - Pitching for San Diego Padres : RHP Eddie Starks
|
Pitching: RHP Jason Decker
|
|
Now in LF: Per Meulengracht
|
|
Now in CF: Mike Holt
|
|
Now in RF: Chris Moody
|
|
Pinch Hitting: LHB Willie Ceniceros
|
0-0: Called Strike 0-1: Ground out U3 (Groundball, 3, EV 104.4 MPH)
|
Pitching: LHP Ricardo Chavez
|
|
Pinch Hitting: LHB Nate Conley
|
0-0: Foul Ball, location: 2F 0-1: Foul Ball, location: 2F 0-2: Strikes out swinging
|
Pinch Hitting: RHB Hugo Zacarias
|
0-0: Fly out, F8 (Flyball, 8LD, EV 92.5 MPH)
|
Top of the 8th over - 0 runs, 0 hits, 0 errors, 0 left on base; San Francisco 4 - San Diego 3 |
BOTTOM OF THE 8TH |
San Diego Padres batting - Pitching for San Francisco Giants : RHP Borisz Barciniak
|
Pitching: RHP Josh Lister
|
|
Now at 1B: Nate Conley
|
|
Now at 2B: Willie Ceniceros
|
|
Now in LF: Hugo Zacarias
|
|
Pinch Hitting: RHB Jose Morrissey
|
0-0: Called Strike 0-1: Foul Ball, location: 2F 0-2: Fly out, F8 (Flyball, 8RM, EV 90.0 MPH)
|
Batting: SHB Jerry Luckwell
|
0-0: Swinging Strike 0-1: Called Strike 0-2: Ball 1-2: Strikes out swinging
|
Pinch Hitting: RHB Carlos Reyes
|
0-0: Called Strike 0-1: Called Strike 0-2: Strikes out swinging
|
Bottom of the 8th over - 0 runs, 0 hits, 0 errors, 0 left on base; San Francisco 4 - San Diego 3 |
TOP OF THE 9TH |
San Francisco Giants batting - Pitching for San Diego Padres : LHP Ricardo Chavez
|
Pitching: LHP Klaus Qvist
|
|
Now at 2B: Jose Morrissey
|
|
Now in CF: Chris Moody
|
|
Now in RF: Carlos Reyes
|
|
Pinch Hitting: SHB Ryan Doss
|
0-0: Ball 1-0: Foul Ball, location: 2F 1-1: Ball 2-1: Ball 3-1: Fly out, F7 (Flyball, 7, EV 95.6 MPH)
|
Pinch Hitting: LHB Nick Swank
|
0-0: Ball 1-0: Fly out, F8 (Flyball, 78M, EV 80.0 MPH)
|
Batting: RHB Martin Chavez
|
0-0: DOUBLE (Flyball, 7LD, EV 105.6 MPH)
|
Batting: RHB Sean Zielinski
|
0-0: Foul Ball, location: 2F 0-1: Foul Ball, location: 2F 0-2: Fly out, F9 (Flyball, 9S, EV 89.4 MPH)
|
Top of the 9th over - 0 runs, 1 hit, 0 errors, 1 left on base; San Francisco 4 - San Diego 3 |
BOTTOM OF THE 9TH |
San Diego Padres batting - Pitching for San Francisco Giants : RHP Josh Lister
|
Pitching: RHP Andrew Kindig
|
|
Now at C: Nick Swank
|
|
Now at SS: Ryan Doss
|
|
Pinch Hitting: SHB Devin Hottenstein
|
0-0: Ball 1-0: Fly out, F8 (Line Drive, 8RM, EV 88.1 MPH)
|
Pinch Hitting: LHB Joseph Martin
|
0-0: Ball 1-0: Ball 2-0: Foul Ball, location: 2F 2-1: Swinging Strike 2-2: Strikes out swinging
|
Pinch Hitting: RHB Chiel Palstermans
|
0-0: Ground out 6-3 (Groundball, 6, EV 91.9 MPH)
|
Bottom of the 9th over - 0 runs, 0 hits, 0 errors, 0 left on base; San Francisco 4 - San Diego 3 |
|